 Dungeon Crawl Stone Soup version 0.29.1-1-gd02db6906a (webtiles) character file.

Game seed: 17427477605180827108

1 xian the Trooper (level 1, -1/18 HPs)
             Began as a Demonspawn Abyssal Knight on Sept 28, 2022.
             Was a Believer of Lugonu.
             Slain by a ball python (2 damage)
             ... on level 1 of the Dungeon.
             The game lasted 00:00:29 (126 turns).

xian the Trooper (Demonspawn Abyssal Knight)         Turns: 126, Time: 00:00:29

Health: -1/18      AC:  3    Str: 13    XL:     1   Next: 16%
Magic:  1/2        EV: 11    Int: 11    God:    Lugonu [**....]
Gold:   8          SH:  0    Dex: 13    Spells: 0/0 levels left

rFire   . . .      SeeInvis .   a - +1 hand axe
rCold   . . .      Faith    .   (no shield)
rNeg    . . .      Spirit   .   b - +0 leather armour
rPois   .          Reflect  .   (no helmet)
rElec   .          Harm     .   (no cloak)
rCorr   .          Rampage  .   (no gloves)
Will    .....                   (no boots)
Stlth   +.........              (no amulet)
HPRegen 0.06/turn               (no ring)
MPRegen 0.08/turn               (no ring)

@: no status effects
A: no striking features
a: Renounce Religion, Depart the Abyss, Bend Space


You were on level 1 of the Dungeon.
You worshipped Lugonu.
Lugonu was pleased with you.
You visited 1 branch of the dungeon, and saw 1 of its levels.
You visited the Abyss 1 time.

You collected 8 gold pieces.

Inventory:

Hand Weapons
 a - a +1 hand axe (weapon)
Missiles
 d - 3 poisoned darts (quivered)
Armour
 b - a +0 leather armour (worn)
Potions
 c - a potion of degeneration {unknown}


   Skills:
 + Level 3.0 Fighting
 + Level 1.8 Axes
 + Level 1.7 Armour
 + Level 0.8 Dodging
 + Level 2.4 Invocations


You couldn't memorise any spells.
You didn't know any spells.
Your spell library was empty.

Dungeon Overview and Level Annotations

Branches:
Dungeon (1/15)

Altars:


Message History

Lugonu accepts your kill.
A ball python comes into view.
Found a sling.
You see here a ball python corpse.
Found a sling.
Found a faded altar of an unknown god.
The kobold hits you with a +3 dagger.
You closely miss the kobold. The kobold hits you with a +3 dagger.
You barely miss the kobold. The kobold closely misses you.
The kobold hits you but does no damage.
You barely miss the kobold. The ball python barely misses you.
The ball python grabs you. The ball python constricts you.
The kobold hits you but does no damage.
You closely miss the kobold. You closely miss the ball python.
The ball python bites you. The ball python constricts you.
The kobold hits you with a +3 dagger.
* * * LOW HITPOINT WARNING * * *
You completely miss the kobold. You barely miss the ball python.
The ball python bites you but does no damage.
The ball python constricts you. The kobold closely misses you.
The ball python closely misses you. The ball python constricts you.
* * * LOW HITPOINT WARNING * * *
Space bends violently around you!
You escape the ball python's grasp.
You blink.
Throw: 6 darts (poison)
Press: ? - help, Q - select action, (/) - cycle Shift-Dir - straight line, f - kobold
Aim: a kobold, wielding a +3 dagger (50% to hit)
You throw a poisoned dart. The poisoned dart hits the kobold.
Throw: 5 darts (poison)
Press: ? - help, Q - select action, (/) - cycle Shift-Dir - straight line, f/p - kobold
Aim: a kobold, wielding a +3 dagger (50% to hit)
You throw a poisoned dart.
The poisoned dart barely misses the kobold.
Throw: 4 darts (poison)
Press: ? - help, Q - select action, (/) - cycle Shift-Dir - straight line, f/p - kobold
Aim: a kobold, wielding a +3 dagger (50% to hit)
You throw a poisoned dart. The poisoned dart hits the kobold.
You closely miss the kobold. You hit the ball python.
The ball python misses you. The ball python closely misses you.
The kobold completely misses you. The ball python bites you.
You die...

.#####+#...
#.......)..
#.........#
#.........#
#........(######
#.........††...#
#......(.......#
#..S(..........#
#.@K$$....####.#
####?...### #.#
#$...# #.#
#....# #.#
####.# #.# .#
#.### # #...##
###... ####


You could see a ball python and a kobold.

Vanquished Creatures
  A ball python (D:1)
  A rat (D:1)
2 creatures vanquished.

Notes
Turn   | Place    | Note
-------+----------+-------------------------------------------
     0 | Abyss:1  | xian the Demonspawn Abyssal Knight began the quest for the
                  | Orb.
     0 | Abyss:1  | Reached XP level 1. HP: 18/18 MP: 2/2
     1 | D:1      | Escaped the Abyss
   115 | D:1      | Found a faded altar of an unknown god.
   126 | D:1      | Slain by a ball python

Illustrated notes

Levels and vault maps discovered:
D:1:      wheals_arrival_linesprint, layout_basic,
          ebering_ecumenical_altar_rust, minivault_5

Action                   || total
-------------------------++-------
Melee: Hand axe          ||     8
Throw: Dart              ||     3
Invok: Bend Space        ||     1
Armor: Leather armour    ||     3
Dodge: Dodged            ||     7
